 Dungeon Crawl Stone Soup version 0.23-a0-767-gdc19b93d68 (webtiles) character file.

21 Azzok the Digger (level 2, 0/19 HPs)
             Began as a Demonspawn Earth Elementalist on Jan 20, 2019.
             Slain by a dart slug (2 damage)
             ... on level 1 of the Dungeon.
             The game lasted 00:00:44 (773 turns).

Azzok the Digger (Demonspawn Earth Elementalist)     Turns: 773, Time: 00:00:45

Health: 0/19       AC:  2    Str:  8    XL:     2   Next: 65%
Magic:  5/5        EV: 12    Int: 16    God:
Gold:   38         SH:  0    Dex: 13    Spells: 5/6 levels left

rFire    . . .     SeeInvis .   i - +2 short sword (drain)
rCold    . . .     Gourm    .   (no shield)
rNeg     . . .     Faith    .   c - +0 robe
rPois    .         Spirit   .   (no helmet)
rElec    .         Reflect  .   (no cloak)
rCorr    .         Harm     .   (no gloves)
MR       .....                  (no boots)
Stlth    ++........             (no amulet)
HPRegen  0.06/turn              (no ring)
MPRegen  0.09/turn              (no ring)

@: no status effects
A: talons 1
a: no special abilities


You were on level 1 of the Dungeon.
You were not hungry.

You visited 1 branch of the dungeon, and saw 1 of its levels.

You collected 38 gold pieces.

Inventory:

Hand Weapons
 i - a +2 short sword of draining (weapon)
Missiles
 b - 32 stones (quivered)
Armour
 c - a +0 robe (worn)
Scrolls
 g - a scroll of enchant weapon {unknown}
 h - a scroll of teleportation {unknown}
Potions
 a - a potion of haste {unknown}
 e - a potion of resistance {unknown}
Comestibles
 d - 4 rations
 f - a chunk of flesh


   Skills:
 - Level 1.7 Dodging
 - Level 1.7 Stealth
 + Level 2.6 Spellcasting
   Level 0.8 Transmutations
 + Level 3.2 Earth Magic


You had 5 spell levels left.
You knew the following spells:

 Your Spells              Type           Power        Failure   Level  Hunger
a - Sandblast             Erth           ##....       5%          1    #......

Your spell library contained the following spells:

 Spells                   Type           Power        Failure   Level  Hunger
 Passwall                 Tmut/Erth      #.......     13%         2    ##.....
 Stone Arrow              Conj/Erth      #.....       30%         3    ###....
 Petrify                  Tmut/Erth      #.......     63%         4    #####..
 Lee's Rapid Deconstruct  Erth           ##........   82%         5    ######.


Dungeon Overview and Level Annotations

Branches:
Dungeon (1/15)

Altars:


Innate Abilities, Weirdness & Mutations

You have sharp toenails.


Message History

i - a +2 short sword of draining (weapon)
A dart slug comes into view.
A dart slug is nearby!
The dart slug launches a dart at you. The slug dart hits you!
A rat comes into view.
The dart slug launches a dart at you. The slug dart hits you!
Found a glowing dagger.
The dart slug launches a dart at you. The slug dart hits you!
* * * LOW HITPOINT WARNING * * *
You hit the dart slug.
The dart slug is lightly wounded.
The dart slug bites you.
* * * LOW HITPOINT WARNING * * *
You hit the dart slug. You drain the dart slug!
The dart slug is heavily wounded.
The dart slug bites you.
You die...

▒··▒▒▒▒·▒
▒··▒ ▒··▒
▒·▒ ▒▒·▒
▒··▒ ▒·▒
▒·▒ ▒· ··▒
▒·▒ ▒▒▒ ▒·▒
▒▒▒·▒▒▒▒▒▒▒
▒·······r··
▒·▒·▒·▒▒···
▒·▒@▒·▒ ▒
▒w·····▒
····▒▒▒▒
▒▒▒▒)▒ ··
▒▒▒


You could see a dart slug.

Vanquished Creatures
  A dart slug (D:1)
  2 leopard geckos (D:1)
  2 giant cockroaches (D:1)
  2 goblins (D:1)
  3 hobgoblins (D:1)
  3 kobolds (D:1)
  A bat (D:1)
  A frilled lizard (D:1)
  A rat (D:1)
16 creatures vanquished.

Notes
Turn   | Place    | Note
-------+----------+-------------------------------------------
     0 | D:1      | Azzok the Demonspawn Earth Elementalist began the quest for
                  | the Orb.
     0 | D:1      | Reached XP level 1. HP: 13/13 MP: 3/3
   266 | D:1      | Reached skill level 3 in Earth Magic
   266 | D:1      | Gained mutation: You have sharp toenails. [demonic
                  | ancestry]
   266 | D:1      | Reached XP level 2. HP: 15/19 MP: 1/5
   773 | D:1      | Slain by a dart slug

Vault maps used:
D:1:      dpeg_arrival_signposts

Skill      XL: |  1 |
---------------+----+-----
Earth Magic    | 3 |  3.2
Dodging        | |  1.7
Stealth        | |  1.7
Spellcasting   | |  2.6
Transmutations | |  0.8

Action                   || total
-------------------------++-------
Melee: Unarmed           ||     3
       Short sword       ||     2
       Kick              ||     1
 Cast: Sandblast         ||    24
Armor: Robe              ||     3
Dodge: Dodged            ||     7

Table legend:
 A = Non-vault XP
 B = Vault XP
 C = Vault XP percentage of total XP
 D = Non-vault monster count
 E = Vault monster count
 F = Vault count percentage of total count
                 A         B        C        D         E       F
            +---------+---------+-------+---------+---------+-------
      Total |      31 |       0 |   0.0 |      16 |       0 |   0.0
            +---------+---------+-------+---------+---------+-------
        D:1 |      31 |       0 |   0.0 |      16 |       0 |   0.0
            +---------+---------+-------+---------+---------+-------
